 Dungeon Crawl Stone Soup version 0.32-a0-818-gb728d0252e (webtiles) character file.

Game seed: 3575871147544466501

161 Descartes the Digger (level 5, -2/38 HPs)
             Began as a Mountain Dwarf Earth Elementalist on Mar 24, 2024.
             Killed from afar by Ijyb (9 damage)
             ... with a bolt of acid
             ... on level 3 of the Dungeon.
             The game lasted 00:04:45 (2700 turns).

Descartes the Digger (MDEE)                         Turns: 2700, Time: 00:04:46

Health: -2/38      AC:  5    Str: 13    XL:     5   Next: 18%
Magic:  4/8        EV:  9    Int: 15    God:
Gold:   113        SH:  4    Dex: 16    Spells: 8/9 levels left

rFire   . . .        a - +2 dagger (holy)
rCold   . . .        j - +0 buckler
rNeg    . . .        w - +0 ring mail
rPois   .            (no helmet)
rElec   .            (no cloak)
rCorr   .            (no gloves)
SInv    .            (no boots)
Will    .....        (no amulet)
Stlth   +            i - ring of flight
HPRegen 0.26/turn    l - +6 ring of dexterity
MPRegen 0.11/turn

%: no passive effects
@: flying
A: runic magic, artefact enchanting
a: no special abilities


You were on level 3 of the Dungeon.
You visited 1 branch of the dungeon, and saw 3 of its levels.

You collected 113 gold pieces.

Inventory:

Hand Weapons
 a - a +2 dagger of holy wrath (weapon)
 f - a +0 mace
 o - a +0 whip of electrocution
Missiles
 r - a throwing net
Armour
 j - a +0 buckler (worn)
 w - a +0 ring mail (worn)
Magical Staves
 p - a staff of death
Jewellery
 i - a ring of flight (left hand)
 l - a +6 ring of dexterity (right hand)
Scrolls
 e - 5 scrolls of enchant weapon {unknown}
 g - a scroll of blinking {unknown}
 h - a scroll of immolation {unknown}
 m - a scroll of enchant armour {unknown}
 q - a scroll of poison {unknown}
 s - a scroll of identify {unknown}
 u - a scroll of vulnerability {unknown}
Potions
 b - a potion of magic
 d - a potion of lignification {unknown}
 k - 2 potions of attraction {unknown}
 n - a potion of resistance {unknown}
 t - a potion of degeneration {unknown}
 v - a potion of enlightenment {unknown}


   Skills:
 + Level 2.2 Armour
 - Level 1.3 Dodging
 - Level 1.4 Stealth
 * Level 2.2 Shields
 + Level 2.5 Spellcasting
 + Level 2.1 Conjurations
 + Level 4.1 Earth Magic


You had 8 spell levels left.
You knew the following spells:

 Your Spells              Type           Power      Damage    Failure   Level
a - Sandblast             Erth           28%        2d8       6%          1

Your spell library contained the following spells:

 Spells                   Type           Power      Damage    Failure   Level
 Passwall                 Erth           14%        N/A       19%         3
 Stone Arrow              Conj/Erth      22%        3d8       28%         3
 Brom's Barrelling Bould  Conj/Erth      11%        2d3       67%         4
 Petrify                  Alch/Erth      8%         N/A       83%         4


Dungeon Overview and Level Annotations

Branches:
Dungeon (3/15)

Altars:
Cheibriados

Shops:
D:2 =

Annotations:
D:3 Ijyb


Innate Abilities, Weirdness & Mutations

Your spellcasting is much less encumbered by armour.
You can use scrolls of enchantment on lesser artefacts.


Message History

Ijyb zaps a wand.
The bolt of acid hits you!
Casting: Sandblast (safe; 6% risk of failure)
Confirm with . or Enter, or press ? or * to list all spells.
Aiming: Sandblast (safe; 6% risk of failure)
Press: ? - help, Shift-Dir - straight line, f/p - Ijyb
Aim: Ijyb, wielding a +0 club, wearing a +0 scale mail and carrying a wand of acid (heavily wounded, 80% to hit)
The blast of sand hits Ijyb but does no damage.
Ijyb is heavily wounded.
Ijyb zaps a wand.
The bolt of acid hits you!
Casting: Sandblast (safe; 6% risk of failure)
Confirm with . or Enter, or press ? or * to list all spells.
Aiming: Sandblast (safe; 6% risk of failure)
Press: ? - help, Shift-Dir - straight line, f/p - Ijyb
Aim: Ijyb, wielding a +0 club, wearing a +0 scale mail and carrying a wand of acid (heavily wounded, 80% to hit)
The blast of sand hits Ijyb but does no damage.
Ijyb is heavily wounded.
Ijyb zaps a wand.
The bolt of acid hits you.
* * * LOW HITPOINT WARNING * * *
Casting: Sandblast (safe; 6% risk of failure)
Confirm with . or Enter, or press ? or * to list all spells.
Aiming: Sandblast (safe; 6% risk of failure)
Press: ? - help, Shift-Dir - straight line, f/p - Ijyb
Aim: Ijyb, wielding a +0 club, wearing a +0 scale mail and carrying a wand of acid (heavily wounded, 80% to hit)
The blast of sand hits Ijyb!
Ijyb is severely wounded.
Ijyb hits you with a +0 club.
* * * LOW HITPOINT WARNING * * *
You hit Ijyb.
Ijyb is severely wounded.
Ijyb hits you with a +0 club.
* * * LOW HITPOINT WARNING * * *
Unknown command.
You hit Ijyb.
Ijyb is almost dead.
Ijyb hits you but does no damage.
You closely miss Ijyb.
Ijyb is almost dead.
Ijyb zaps a wand.
The bolt of acid hits you!
You die...
Ijyb moans, "Good help so hard to find!"

#.#.# ######.#.#
........... ........#.#
#################.#
#..#... #.....#.#
##....####.#....##.#
#...g......#....#...
#..@....####....#...
######......†............
#....#.[.....#......##...
#.<..'..............##..>
#..^.####...........##...
#.... #.........####...
#.... #.........# ####
#..=. #####)....# #....
.......


You could see Ijyb.

Vanquished Creatures
  A bombardier beetle (D:3)
  An orc priest (D:2)
  3 adders (D:2)
  3 dart slugs
  4 ribbon worms
  2 orcs
  6 ball pythons
  4 endoplasms
  4 goblins
  5 hobgoblins
  9 jackals (D:1)
  A quokka (D:1)
  3 bats
  2 kobolds
  3 rats (D:1)
51 creatures vanquished.

Notes
Turn   | Place    | Note
-------+----------+-------------------------------------------
     0 | D:1      | Descartes the Mountain Dwarf Earth Elementalist began the
                  | quest for the Orb.
     0 | D:1      | Reached XP level 1. HP: 14/14 MP: 3/3
    73 | D:1      | Reached skill level 1 in Conjurations
   330 | D:1      | Reached XP level 2. HP: 20/20 MP: 1/4
   443 | D:1      | Reached skill level 1 in Armour
   616 | D:1      | Reached XP level 3. HP: 22/26 MP: 1/6
  1419 | D:2      | Found Fyimpuw's Jewellery Emporium.
  1677 | D:2      | Reached skill level 1 in Shields
  1799 | D:2      | Reached XP level 4. HP: 33/33 MP: 4/7
  2059 | D:2      | Reached skill level 4 in Earth Magic
  2437 | D:3      | Found a snail-covered altar of Cheibriados.
  2611 | D:3      | Reached XP level 5. HP: 32/38 MP: 4/8
  2689 | D:3      | Noticed Ijyb
  2700 | D:3      | Killed from afar by Ijyb

Illustrated notes

Levels and vault maps discovered:
D:1:      minmay_arrival_split_and_join, layout_basic
D:2:      layout_loops_ring, serial_shops, shop
D:3:      layout_basic, overflow_temple_1_default, chei_slow_surprise,
          gammafunk_ghost_arena, uniq_ijyb

Skill      XL: |  1  2  3  4 |
---------------+-------------+-----
Conjurations   | 1 2 |  2.1
Spellcasting   | 2 |  2.5
Armour         | 1 2 |  2.2
Shields        | 1 2 |  2.2
Earth Magic    | 4 |  4.1
Dodging        | |  1.3
Stealth        | |  1.4

Action                     |  1- 3 |  4- 6 || total
---------------------------+-------+-------++-------
  Melee: Dagger            |       |     3 ||     3
   Cast: Sandblast         |    62 |    35 ||    97
 Armour: Leather armour    |    41 |     8 ||    49
         Ring mail         |       |     7 ||     7
  Dodge: Dodged            |    38 |     4 ||    42
  Block: Buckler           |       |     5 ||     5

Table legend: (Time is in decaauts)
 A = Elapsed time spent in this place.
 B = Non-inter-level travel time spent in this place.
 C = Inter-level travel time spent in this place.
 D = Time resting spent in this place.
 E = Time spent auto-exploring this place.
 F = Levels seen in this place.
 G = Mean time per level.
                   A        B        C        D        E       F      G
               +--------+--------+--------+--------+--------+-----+--------+
         Total |   2748 |   2670 |     78 |      0 |   2244 |   3 |  916.0 |
       Dungeon |   2748 |   2670 |     78 |      0 |   2244 |   3 |  916.0 |
               +--------+--------+--------+--------+--------+-----+--------+

Top non-repeatable levels by time:
     D:1: 1202 daAuts
     D:2: 1034 daAuts
     D:3: 511 daAuts
